[Event "Rated Rapid game"]
[Site "?"]
[Date "2021.03.24"]
[Round "?"]
[White "shadowlyght"]
[Black "Aarushvinod"]
[Result "0-1"]
[ECO "C46"]
[WhiteElo "2287"]
[BlackElo "2433"]
[PlyCount "68"]
[EventDate "2021.??.??"]
[EventType "rapid"]
[TimeControl "600"]

1. e4 e5 2. Nf3 Nc6 3. Nc3 Nf6 4. Nxe5 Nxe5 5. d4 Ng6 6. e5 Ng8 7. Bd3 d6 8. f4
dxe5 9. fxe5 Bb4 10. Be3 N8e7 11. h4 Nd5 12. Bxg6 hxg6 13. Bd2 Rxh4 14. Rf1
Rxd4 15. Qf3 Be6 16. Rh1 Rh4 17. O-O-O Rxh1 18. Rxh1 Nxc3 19. Bxc3 Bf8 20. Rh8
Qg5+ 21. Bd2 Qxe5 22. Qa3 Qd6 23. Bb4 Qf4+ 24. Kd1 Rd8+ 25. Ke1 Qc1+ 26. Kf2
Qf4+ 27. Ke1 c5 28. Rxf8+ Kxf8 29. Bxc5+ Kg8 30. Be3 Qg3+ 31. Bf2 Qe5+ 32. Qe3
Qxb2 33. c3 Qb1+ 34. Ke2 Qd1# {Normal} 0-1

[Event "Rated Blitz game"]
[Site "?"]
[Date "2021.03.24"]
[Round "?"]
[White "Aref2233"]
[Black "TrenVirginijus"]
[Result "0-1"]
[ECO "C46"]
[WhiteElo "2393"]
[BlackElo "2469"]
[PlyCount "80"]
[EventDate "2021.??.??"]
[EventType "blitz"]
[TimeControl "180+2"]

1. e4 e5 2. Nf3 Nc6 3. Nc3 Nf6 4. Nxe5 Nxe5 5. d4 Ng6 6. e5 Ng8 7. Bc4 d5 8.
Bxd5 c6 9. Bc4 Be6 10. Bxe6 fxe6 11. Qg4 Qd7 12. O-O O-O-O 13. Be3 Nh6 14. Bxh6
gxh6 15. Rfd1 Rg8 16. Ne4 Be7 17. Nc5 Bxc5 18. dxc5 Nxe5 19. Qe2 Qg7 20. Rxd8+
Kxd8 21. f4 Nd7 22. Rd1 Kc8 23. b4 Qf6 24. g3 h5 25. Qxh5 Rg7 26. Qf3 Kc7 27.
c3 h5 28. Re1 h4 29. Qe3 hxg3 30. hxg3 Qf5 31. Kg2 Qd5+ 32. Qf3 Qxa2+ 33. Re2
Qd5 34. Qxd5 exd5 35. Kf3 Nf6 36. Re6 Ne4 37. g4 Nxc3 38. g5 d4 39. g6 d3 40.
Ke3 Nd5+ {Time forfeit} 0-1

[Event "Rated Blitz game"]
[Site "?"]
[Date "2021.03.24"]
[Round "?"]
[White "Aref2233"]
[Black "ChessNok102"]
[Result "0-1"]
[ECO "C46"]
[WhiteElo "2363"]
[BlackElo "2550"]
[PlyCount "56"]
[EventDate "2021.??.??"]
[EventType "blitz"]
[TimeControl "180+2"]

1. e4 e5 2. Nf3 Nf6 3. Nc3 Nc6 4. Nxe5 Nxe5 5. d4 Nc6 6. d5 Ne5 7. f4 Ng6 8. e5
Bb4 9. exf6 Bxc3+ 10. bxc3 Qxf6 11. Qd4 Qxd4 12. cxd4 d6 13. Bd3 Ne7 14. c4 Bf5
15. Kd2 b5 16. cxb5 Bxd3 17. Kxd3 a6 18. bxa6 Rxa6 19. a4 Kd7 20. Kc4 Rha8 21.
Kb3 Nxd5 22. Bd2 Rc6 23. Rhc1 Rb8+ 24. Ka3 Rcb6 25. Rc2 Rb3+ 26. Ka2 Rd3 27.
Rb1 Rxd2 28. Rxd2 Nc3+ {Time forfeit} 0-1

[Event "Rated Blitz game"]
[Site "?"]
[Date "2021.03.23"]
[Round "?"]
[White "brunosten"]
[Black "Metanoja"]
[Result "1-0"]
[ECO "C46"]
[WhiteElo "2453"]
[BlackElo "2464"]
[PlyCount "57"]
[EventDate "2021.??.??"]
[EventType "blitz"]
[TimeControl "180"]

1. e4 e5 2. Nf3 Nc6 3. Nc3 Nf6 4. Nxe5 Nxe5 5. d4 Ng6 6. e5 Bb4 7. exf6 Qxf6 8.
Be2 O-O 9. O-O c6 10. Ne4 Qe7 11. Ng3 d5 12. c3 Bd6 13. Re1 Qh4 14. Bd3 Bg4 15.
Qc2 Bd7 16. Be3 Rae8 17. Bf5 Bxf5 18. Qxf5 Re6 19. Bg5 Rfe8 20. Rxe6 fxe6 21.
Qxg6 Qxh2+ 22. Kxh2 hxg6 23. Re1 Kf7 24. Kg1 Rh8 25. Nf1 Rh5 26. Bd2 g5 27. g3
g4 28. Ne3 Rg5 29. Nc4 {Normal} 1-0

[Event "Rated Blitz tournament XmhfTiEy"]
[Site "?"]
[Date "2021.03.23"]
[Round "?"]
[White "baliajalah"]
[Black "YSA_kbpl"]
[Result "0-1"]
[ECO "C46"]
[WhiteElo "2451"]
[BlackElo "2346"]
[PlyCount "22"]
[EventDate "2021.??.??"]
[EventType "blitz"]
[TimeControl "180"]

1. e4 e5 2. Nf3 Nc6 3. Nc3 Nf6 4. Nxe5 Nxe5 5. d4 Bd6 6. dxe5 Bxe5 7. Bd3 O-O
8. O-O Re8 9. Re1 c6 10. f4 Bd4+ 11. Kh1 d5 {Normal} 0-1

[Event "Rated Blitz game"]
[Site "?"]
[Date "2021.03.23"]
[Round "?"]
[White "Henry940622"]
[Black "TonioToro"]
[Result "0-1"]
[ECO "C46"]
[WhiteElo "2306"]
[BlackElo "2436"]
[PlyCount "24"]
[EventDate "2021.??.??"]
[EventType "blitz"]
[TimeControl "180"]

1. e4 e5 2. Nf3 Nc6 3. Nc3 Nf6 4. Nxe5 Nxe5 5. d4 Ng6 6. e5 Ng8 7. Bc4 Bb4 8.
Qf3 Bxc3+ 9. bxc3 Qe7 10. a4 a6 11. Ba3 Nh4 12. Qf4 Nxg2+ {Normal} 0-1

[Event "Rated Blitz tournament EZca6zY3"]
[Site "?"]
[Date "2021.03.23"]
[Round "?"]
[White "khalid_ontawar"]
[Black "vitezizgorobilja"]
[Result "1-0"]
[ECO "C46"]
[WhiteElo "2295"]
[BlackElo "2404"]
[PlyCount "33"]
[EventDate "2021.??.??"]
[EventType "blitz"]
[TimeControl "240"]

1. e4 e5 2. Nc3 Nf6 3. Nf3 Nc6 4. Nxe5 Nxe5 5. d4 Nc6 6. d5 Nb8 7. e5 Ng8 8. d6
cxd6 9. exd6 Qb6 10. Nb5 Na6 11. Be3 Qa5+ 12. c3 g6 13. Qd4 f6 14. Bc4 Bg7 15.
Qd5 Nh6 16. Bxh6 Bxh6 17. Qf7+ {Normal} 1-0

[Event "Rated Blitz game"]
[Site "?"]
[Date "2021.03.23"]
[Round "?"]
[White "RoyalChessyoutube"]
[Black "Dima1103"]
[Result "0-1"]
[ECO "C46"]
[WhiteElo "2305"]
[BlackElo "2418"]
[PlyCount "122"]
[EventDate "2021.??.??"]
[EventType "blitz"]
[TimeControl "180+2"]

1. e4 e5 2. Nf3 Nc6 3. Nc3 Nf6 4. Nxe5 Nxe5 5. d4 Ng6 6. e5 Ng8 7. f4 d5 8. Bd3
f5 9. O-O h5 10. Ne2 h4 11. c3 c6 12. Qc2 Nh6 13. Kh1 Be6 14. Ng1 Qd7 15. Nf3
Be7 16. a4 a5 17. b3 Ng4 18. h3 Nh6 19. Ba3 Nf7 20. Bxe7 Nxe7 21. c4 g6 22. Qf2
Rd8 23. c5 Kf8 24. Rab1 Ra8 25. b4 axb4 26. Rxb4 Kg7 27. Nxh4 Ra5 28. Rfb1 Ra7
29. a5 Qd8 30. Rxb7 Rxa5 31. Nf3 Ra3 32. Bf1 g5 33. Nxg5 Nxg5 34. fxg5 Kg6 35.
g4 Rhxh3+ 36. Bxh3 Rxh3+ 37. Kg1 Qh8 38. Qg2 Rh7 39. gxf5+ Bxf5 40. Rf1 Rh4 41.
Rf3 Rg4 42. Rg3 Be4 43. Rxg4 Bxg2 44. Rxg2 Nf5 45. Rc7 Nxd4 46. Rf2 Qh4 47.
Rcf7 Qg3+ 48. Rg2 Nf3+ 49. Rxf3 Qxf3 50. Rf2 Qg3+ 51. Kf1 Qxe5 52. Rf6+ Kxg5
53. Rxc6 Kf4 54. Rd6 Qa1+ 55. Ke2 Qb2+ 56. Kd3 Qb3+ 57. Ke2 Qc2+ 58. Ke1 Qxc5
59. Rf6+ Ke3 60. Re6+ Kd3 61. Re2 Qg1# {Normal} 0-1

[Event "Rated Blitz game"]
[Site "?"]
[Date "2021.03.22"]
[Round "?"]
[White "Petr_Kruglikov"]
[Black "mishanya-kharkov"]
[Result "1-0"]
[ECO "C46"]
[WhiteElo "2391"]
[BlackElo "2526"]
[PlyCount "59"]
[EventDate "2021.??.??"]
[EventType "blitz"]
[TimeControl "180+2"]

1. e4 e5 2. Nf3 Nc6 3. Nc3 Nf6 4. Nxe5 Nxe5 5. d4 Ng6 6. e5 d6 7. exf6 Qxf6 8.
Bd3 c6 9. O-O d5 10. Re1+ Be7 11. Qe2 Be6 12. g3 O-O 13. f4 Qxd4+ 14. Be3 Qf6
15. f5 Ne5 16. Bd4 Nf3+ 17. Qxf3 Qxd4+ 18. Kg2 Bb4 19. Ne2 Qxb2 20. Rab1 Qa3
21. Rb3 Qa5 22. c3 Bc5 23. fxe6 fxe6 24. Nf4 Rae8 25. Qh5 g6 26. Nxg6 Rf2+ 27.
Kh1 Qc7 28. Nf4 e5 29. Qxe8+ Kg7 30. Ne6+ {Normal} 1-0

[Event "Rated Blitz game"]
[Site "?"]
[Date "2021.03.22"]
[Round "?"]
[White "Swordoftheword16"]
[Black "musik92"]
[Result "0-1"]
[ECO "C46"]
[WhiteElo "2502"]
[BlackElo "2483"]
[PlyCount "40"]
[EventDate "2021.??.??"]
[EventType "blitz"]
[TimeControl "180"]

1. e4 e5 2. Nf3 Nf6 3. Nc3 Nc6 4. Nxe5 Nxe5 5. d4 Ng6 6. e5 Ng8 7. Bc4 c6 8. f4
d5 9. Bd3 N8e7 10. g4 Nh4 11. O-O h5 12. f5 hxg4 13. Qxg4 Nexf5 14. Bxf5 Bxf5
15. Rxf5 Nxf5 16. Qxf5 Qd7 17. Qf3 Qh3 18. Qf2 Qg4+ 19. Kf1 Rh3 20. Ke1 Be7 {
Normal} 0-1

[Event "Rated Blitz game"]
[Site "?"]
[Date "2021.03.22"]
[Round "?"]
[White "Ebuhurejra"]
[Black "reminor"]
[Result "0-1"]
[ECO "C46"]
[WhiteElo "2435"]
[BlackElo "2273"]
[PlyCount "62"]
[EventDate "2021.??.??"]
[EventType "blitz"]
[TimeControl "180"]

1. e4 e5 2. Nf3 Nc6 3. Nc3 Nf6 4. Nxe5 Nxe5 5. d4 Nc6 6. d5 Ne5 7. f4 Ng6 8. e5
Ng8 9. Qd4 d6 10. Bb5+ Bd7 11. O-O Bxb5 12. Nxb5 Qd7 13. c4 a6 14. Nc3 c5 15.
Qe4 O-O-O 16. e6 fxe6 17. dxe6 Qc6 18. Nd5 Nf6 19. Qf5 Ne7 20. Nxe7+ Bxe7 21.
Bd2 Qe4 22. Qh3 Qxc4 23. Rae1 h5 24. b4 Ng4 25. Kh1 Kb8 26. f5 cxb4 27. Bf4 Ka8
28. Rc1 Qb5 29. Bg3 Rc8 30. Rxc8+ Rxc8 31. Qxh5 Qxf1# {Normal} 0-1

[Event "Rated Blitz game"]
[Site "?"]
[Date "2021.03.21"]
[Round "?"]
[White "Ebuhurejra"]
[Black "jncool68"]
[Result "0-1"]
[ECO "C46"]
[WhiteElo "2410"]
[BlackElo "2593"]
[PlyCount "86"]
[EventDate "2021.??.??"]
[EventType "blitz"]
[TimeControl "180"]

1. e4 e5 2. Nf3 Nc6 3. Nc3 Nf6 4. Nxe5 Nxe5 5. d4 Ng6 6. e5 Ng8 7. Bc4 d5 8.
Bxd5 c6 9. Bb3 Be6 10. O-O Bb4 11. Ne4 Qh4 12. Qf3 Qg4 13. Qxg4 Bxg4 14. c3 Be7
15. f4 Nh6 16. h3 Be6 17. g4 Bxb3 18. axb3 Ng8 19. f5 Nf8 20. Bf4 h6 21. c4 Nh7
22. d5 Ng5 23. Bxg5 hxg5 24. Kg2 cxd5 25. cxd5 Bb4 26. Rac1 Ne7 27. Rfd1 Rd8
28. Rc4 a5 29. d6 Nc6 30. e6 fxe6 31. fxe6 O-O 32. e7 Nxe7 33. dxe7 Rxd1 34.
exf8=Q+ Kxf8 35. Nxg5 Rd2+ 36. Kf3 Rxb2 37. Ne6+ Ke7 38. Nd4 Bd6 39. Nf5+ Ke6
40. Re4+ Kf6 41. Nxd6 Rxb3+ 42. Kf4 Rxh3 43. Nf5 g5# {Normal} 0-1

[Event "Rated Blitz tournament UdUGP9OC"]
[Site "?"]
[Date "2021.03.21"]
[Round "?"]
[White "KBPL_JUNIOR"]
[Black "Chessmaste"]
[Result "0-1"]
[ECO "C46"]
[WhiteElo "2300"]
[BlackElo "2431"]
[PlyCount "72"]
[EventDate "2021.??.??"]
[EventType "blitz"]
[TimeControl "180"]

1. e4 e5 2. Nf3 Nc6 3. Nc3 Nf6 4. Nxe5 Nxe5 5. d4 Nc6 6. e5 Be7 7. exf6 Bxf6 8.
Be3 d5 9. Qd2 O-O 10. O-O-O Re8 11. h3 a6 12. Bd3 b5 13. Ne2 a5 14. Bxb5 Bd7
15. Qc3 Nb4 16. Qc5 Be7 17. Bxd7 Qxd7 18. Qc3 Nxa2+ 19. Kb1 Nxc3+ 20. Nxc3 Rab8
21. Bc1 Ba3 22. Ka2 Bb4 23. Bd2 Bxc3 24. Bxc3 Qa4+ 25. Kb1 Qc4 26. Kc1 a4 27.
Kd2 a3 28. Rhe1 Rxe1 29. Rxe1 axb2 30. Bxb2 f6 31. Bc3 Ra8 32. Re7 Ra2 33. Re8+
Kf7 34. Rb8 Qa4 35. Bb2 Rxb2 36. Rxb2 Qxd4+ {Normal} 0-1

[Event "Rated Blitz game"]
[Site "?"]
[Date "2021.03.21"]
[Round "?"]
[White "Pepeoutai"]
[Black "extermo44"]
[Result "0-1"]
[ECO "C46"]
[WhiteElo "2419"]
[BlackElo "2485"]
[PlyCount "36"]
[EventDate "2021.??.??"]
[EventType "blitz"]
[TimeControl "180+2"]

1. e4 e5 2. Nf3 Nc6 3. Nc3 Nf6 4. Nxe5 Nxe5 5. d4 Ng6 6. e5 Ng8 7. Bc4 d6 8.
Qf3 Qd7 9. O-O dxe5 10. Re1 Bd6 11. dxe5 Nxe5 12. Bf4 f6 13. Bxg8 Rxg8 14. Qh5+
Qf7 15. Qxh7 Be6 16. Bxe5 fxe5 17. Ne4 O-O-O 18. Ng5 Qf5 {Normal} 0-1

[Event "Rated Blitz game"]
[Site "?"]
[Date "2021.03.21"]
[Round "?"]
[White "vvvvvamos"]
[Black "sergeikim2003"]
[Result "0-1"]
[ECO "C46"]
[WhiteElo "2527"]
[BlackElo "2394"]
[PlyCount "48"]
[EventDate "2021.??.??"]
[EventType "blitz"]
[TimeControl "180"]

1. e4 e5 2. Nc3 Nf6 3. Nf3 Nc6 4. Nxe5 Nxe5 5. d4 Ng6 6. e5 Bb4 7. exf6 Qxf6 8.
Be2 d5 9. O-O c6 10. Bf3 O-O 11. g3 Bh3 12. Re1 Rfe8 13. Be3 Bd6 14. Bg4 Bxg4
15. Qxg4 h6 16. h4 b5 17. h5 Nf8 18. Re2 b4 19. Na4 Re4 20. Qh3 Rae8 21. Rae1
Qf3 22. Rd2 Ne6 23. Red1 Ng5 24. Bxg5 Re1+ {Normal} 0-1

[Event "Rated Blitz tournament MVI9PgqG"]
[Site "?"]
[Date "2021.03.20"]
[Round "?"]
[White "carloseduar100"]
[Black "PabloAlcobaa"]
[Result "0-1"]
[ECO "C46"]
[WhiteElo "2289"]
[BlackElo "2426"]
[PlyCount "56"]
[EventDate "2021.??.??"]
[EventType "blitz"]
[TimeControl "180"]

1. e4 e5 2. Nf3 Nc6 3. Nc3 Nf6 4. Nxe5 Nxe5 5. d4 Bd6 6. dxe5 Bxe5 7. Bc4 O-O
8. Kf1 Bxc3 9. bxc3 Nxe4 10. Qf3 d5 11. Bd3 f5 12. c4 Be6 13. cxd5 Bxd5 14. Bb2
Nd2+ 15. Ke2 Nxf3 16. gxf3 Qe7+ 17. Kd2 Bxf3 18. Rhg1 Rf7 19. Rae1 Qd7 20. Kc1
Be4 21. Bc4 Bd5 22. Rd1 c6 23. Bd3 Re8 24. Kb1 Qe6 25. a3 Be4 26. Rde1 Qd5 27.
Bf1 Bxc2+ 28. Kxc2 Rxe1 {Normal} 0-1

[Event "Rated Blitz game"]
[Site "?"]
[Date "2021.03.19"]
[Round "?"]
[White "maximsnigurov"]
[Black "diolley"]
[Result "0-1"]
[ECO "C46"]
[WhiteElo "2569"]
[BlackElo "2523"]
[PlyCount "94"]
[EventDate "2021.??.??"]
[EventType "blitz"]
[TimeControl "180"]

1. Nc3 e5 2. e4 Nf6 3. Nf3 Nc6 4. Nxe5 Nxe5 5. d4 Ng6 6. e5 Ng8 7. Bc4 d5 8.
Bxd5 c6 9. Bb3 Be6 10. h4 Nxh4 11. Qh5 Ng6 12. Be3 Bb4 13. f4 N8e7 14. g4 Bxc3+
15. bxc3 Bxb3 16. axb3 Qd5 17. O-O-O Qa5 18. Kb2 Nd5 19. Bd2 Ngxf4 20. Qf5 g6
21. Qe4 Ne6 22. c4 Nb4 23. Ra1 Qb6 24. c5 Qb5 25. c4 Nxc5 26. dxc5 Qxc5 27. e6
O-O 28. Rxh7 Kxh7 29. Rh1+ Kg8 30. exf7+ Rxf7 31. Qxg6+ Rg7 32. Qe6+ Rf7 33.
Bc3 Qf2+ 34. Ka3 Nc2+ 35. Ka4 b5+ 36. cxb5 cxb5+ 37. Ka5 Qb6+ 38. Qxb6 axb6+
39. Kxb6 Rb8+ 40. Ka6 Rh7 41. Rc1 Ne3 42. Bd4 Nd5 43. Rc5 Rh6+ 44. Ka5 Ra8+ 45.
Kxb5 Rb8+ 46. Kc4 Nb6+ 47. Kc3 Rc8 {Time forfeit} 0-1

[Event "Rated Blitz game"]
[Site "?"]
[Date "2021.03.19"]
[Round "?"]
[White "EyeoftheTiger2007"]
[Black "Jakob19"]
[Result "0-1"]
[ECO "C46"]
[WhiteElo "2327"]
[BlackElo "2421"]
[PlyCount "47"]
[EventDate "2021.??.??"]
[EventType "blitz"]
[TimeControl "180"]

1. e4 e5 2. Nf3 Nf6 3. Nc3 Nc6 4. Nxe5 Nxe5 5. d4 Ng6 6. e5 Bb4 7. exf6 Qxf6 8.
Be2 O-O 9. O-O Bxc3 10. bxc3 d5 11. Bf3 c6 12. Rb1 Re8 13. g3 Bh3 14. Re1 b5
15. Bg2 Bxg2 16. Kxg2 a6 17. Be3 Re6 18. Qd2 Rae8 19. Bg5 Qf5 20. Rxe6 Qxe6 21.
h4 h6 22. Be3 Qe4+ 23. Kh2 Qf3 24. Qe2 {Normal} 0-1

[Event "Rated Blitz game"]
[Site "?"]
[Date "2021.03.19"]
[Round "?"]
[White "Federicov93"]
[Black "Dr_Durkenstein"]
[Result "0-1"]
[ECO "C46"]
[WhiteElo "2834"]
[BlackElo "2641"]
[PlyCount "60"]
[EventDate "2021.??.??"]
[EventType "blitz"]
[TimeControl "180"]

1. e4 e5 2. Nf3 Nc6 3. Nc3 Nf6 4. Nxe5 Nxe5 5. d4 Nc6 6. d5 Ne5 7. f4 Ng6 8. e5
Ng8 9. d6 cxd6 10. exd6 Qf6 11. Nb5 Kd8 12. Be3 Nh6 13. Qd2 b6 14. f5 Qxf5 15.
O-O-O Ng4 16. Re1 Nxe3 17. Rxe3 Bb7 18. Bd3 Qc5 19. Bxg6 Qxb5 20. Bxf7 Bxd6 21.
Qxd6 Qc5 22. Qg3 Bc6 23. Rhe1 Kc8 24. Rc3 Qd4 25. Rd1 Qf6 26. Bd5 Re8 27. Bxc6
dxc6 28. b3 Rd8 29. Re1 Kb7 30. Rf3 Qa1# {Normal} 0-1

[Event "Rated Blitz game"]
[Site "?"]
[Date "2021.03.19"]
[Round "?"]
[White "maximsnigurov"]
[Black "Beta99"]
[Result "1-0"]
[ECO "C46"]
[WhiteElo "2578"]
[BlackElo "2549"]
[PlyCount "45"]
[EventDate "2021.??.??"]
[EventType "blitz"]
[TimeControl "180"]

1. e4 e5 2. Nf3 Nc6 3. Nc3 Nf6 4. Nxe5 Nxe5 5. d4 Ng6 6. e5 Bb4 7. exf6 Qxf6 8.
Qe2+ Kd8 9. Be3 d5 10. O-O-O c6 11. Qd2 h6 12. Kb1 Re8 13. Nxd5 Bxd2 14. Nxf6
Rxe3 15. fxe3 Bxe3 16. Ne4 Kc7 17. Be2 Nf4 18. Bf3 Bf5 19. Rhe1 Nd5 20. c4 Nf6
21. Rxe3 Re8 22. Rde1 g5 23. Kc1 {Normal} 1-0

[Event "Rated Blitz game"]
[Site "?"]
[Date "2021.03.18"]
[Round "?"]
[White "Ebuhurejra"]
[Black "Trickystuff1"]
[Result "0-1"]
[ECO "C46"]
[WhiteElo "2443"]
[BlackElo "2601"]
[PlyCount "46"]
[EventDate "2021.??.??"]
[EventType "blitz"]
[TimeControl "180"]

1. e4 e5 2. Nf3 Nc6 3. Nc3 Nf6 4. Nxe5 Nxe5 5. d4 Ng6 6. e5 Ng8 7. Bc4 d5 8.
Bxd5 c6 9. Bc4 Be6 10. Be2 Qd7 11. O-O O-O-O 12. Be3 N8e7 13. Ne4 Nf5 14. c3
Be7 15. Qd2 Bd5 16. Ng3 Nxe3 17. Qxe3 f6 18. f4 Nh4 19. Ne4 f5 20. Nd2 Nxg2 21.
Qf2 g5 22. c4 Nxf4 23. cxd5 Nh3+ {Normal} 0-1

[Event "Rated Blitz game"]
[Site "?"]
[Date "2021.03.18"]
[Round "?"]
[White "Fermatslastblunder"]
[Black "uriberto"]
[Result "1-0"]
[ECO "C46"]
[WhiteElo "2449"]
[BlackElo "2438"]
[PlyCount "89"]
[EventDate "2021.??.??"]
[EventType "blitz"]
[TimeControl "300"]

1. e4 e5 2. Nf3 Nf6 3. Nc3 Nc6 4. Nxe5 Nxe5 5. d4 Ng6 6. e5 Ng8 7. Bc4 d5 8.
Bxd5 c6 9. Bb3 Bb4 10. O-O Bxc3 11. bxc3 N8e7 12. f4 h5 13. Ba3 Bf5 14. c4 Qa5
15. Bb2 Rd8 16. Qf3 Nf8 17. Bc3 Qb6 18. Kh1 Bg4 19. Qe4 Ne6 20. c5 Qa6 21. f5
Nxf5 22. Rxf5 Bxf5 23. Qxf5 O-O 24. Rd1 Qe2 25. Qf3 Qxf3 26. gxf3 Nc7 27. Bb2
Rd7 28. c3 Re8 29. f4 g6 30. Kg2 Ne6 31. Kf3 Ng7 32. Rg1 Nf5 33. Ke4 Kh7 34.
Bc2 Ne7 35. Bb3 Nd5 36. Rg3 f5+ 37. Kf3 Rg8 38. Rg1 Kh6 39. c4 Ne7 40. Rd1 Rgd8
41. Ke3 g5 42. fxg5+ Kxg5 43. Rg1+ Kh6 44. e6 Rc7 45. Kf4 {Time forfeit} 1-0

[Event "Rated Blitz game"]
[Site "?"]
[Date "2021.03.17"]
[Round "?"]
[White "highway_star"]
[Black "pjotrskolasa"]
[Result "0-1"]
[ECO "C46"]
[WhiteElo "2338"]
[BlackElo "2406"]
[PlyCount "38"]
[EventDate "2021.??.??"]
[EventType "blitz"]
[TimeControl "180"]

1. e4 e5 2. Nf3 Nc6 3. Nc3 Nf6 4. Nxe5 Nxe5 5. d4 Ng6 6. e5 Ng8 7. Bc4 d6 8.
Qf3 f6 9. O-O dxe5 10. Re1 Qxd4 11. Bb5+ c6 12. Bxc6+ bxc6 13. Qxc6+ Qd7 14.
Qxa8 Qb7 15. Qxb7 Bxb7 16. f4 Bc5+ 17. Kf1 N8e7 18. fxe5 Nxe5 19. Ne4 Ba6+ {
Normal} 0-1

[Event "Rated Blitz game"]
[Site "?"]
[Date "2021.03.17"]
[Round "?"]
[White "EricRosen"]
[Black "TheWolfSpur"]
[Result "1-0"]
[ECO "C46"]
[WhiteElo "2518"]
[BlackElo "2336"]
[PlyCount "49"]
[EventDate "2021.??.??"]
[EventType "blitz"]
[TimeControl "180"]

1. e4 e5 2. Nf3 Nc6 3. Nc3 Nf6 4. Nxe5 Nxe5 5. d4 Nc6 6. e5 Ng8 7. Bc4 d5 8.
Bxd5 Nge7 9. Bxc6+ Nxc6 10. Be3 Bb4 11. O-O Bxc3 12. bxc3 Be6 13. f4 g6 14. Qd3
Qd5 15. Rab1 O-O 16. Rb5 Qxa2 17. d5 Bf5 18. Qd2 a6 19. Rxb7 Ne7 20. Rd1 Rfd8
21. d6 Nc6 22. Rxc7 Na5 23. h3 Nc4 24. Qd5 Qxc2 25. Qxf7+ {Normal} 1-0

[Event "Rated Blitz game"]
[Site "?"]
[Date "2021.03.17"]
[Round "?"]
[White "Vihajaisestatulesta"]
[Black "stvngrnrt"]
[Result "0-1"]
[ECO "C46"]
[WhiteElo "2387"]
[BlackElo "2491"]
[PlyCount "100"]
[EventDate "2021.??.??"]
[EventType "blitz"]
[TimeControl "180"]

1. e4 e5 2. Nf3 Nc6 3. Nc3 Nf6 4. Nxe5 Nxe5 5. d4 Ng6 6. e5 Ng8 7. Bc4 Bb4 8.
Qf3 Qe7 9. O-O Bxc3 10. bxc3 Nh6 11. a4 O-O 12. Ba3 d6 13. exd6 cxd6 14. Rfe1
Qc7 15. Bb3 Bg4 16. Qg3 Rad8 17. h3 Be6 18. d5 Bc8 19. c4 Nf5 20. Qd3 Ne5 21.
Rxe5 dxe5 22. Bxf8 Kxf8 23. Re1 g6 24. Qd2 b6 25. a5 Kg8 26. axb6 axb6 27. c3
Re8 28. f4 e4 29. Kh2 e3 30. d6 Qxd6 31. Qxd6 Nxd6 32. Kg3 Ne4+ 33. Kf3 Nc5 34.
Bc2 Bb7+ 35. Ke2 Bxg2 36. h4 Bh3 37. Rg1 Kf8 38. Rg3 Be6 39. Rxe3 Bxc4+ 40. Kf3
Rxe3+ 41. Kxe3 Ke7 42. Kd4 Be6 43. Ke5 f6+ 44. Kd4 Kd6 45. h5 gxh5 46. Bxh7 f5
47. c4 h4 48. Bg6 h3 49. Bh5 h2 50. Bf3 Bd7 {Normal} 0-1

[Event "Rated Blitz game"]
[Site "?"]
[Date "2021.03.17"]
[Round "?"]
[White "PurgeDota"]
[Black "MasterTol"]
[Result "1/2-1/2"]
[ECO "C46"]
[WhiteElo "2253"]
[BlackElo "2426"]
[PlyCount "123"]
[EventDate "2021.??.??"]
[EventType "blitz"]
[TimeControl "180"]

1. e4 e5 2. Nf3 Nc6 3. Nc3 Nf6 4. Nxe5 Nxe5 5. d4 Ng6 6. e5 Bb4 7. exf6 Qxf6 8.
Qe2+ Kd8 9. Be3 Nf4 10. Qd2 Nd5 11. Bc4 Nxe3 12. fxe3 c6 13. Rf1 Qh4+ 14. g3
Qh6 15. Bxf7 d5 16. e4 Bh3 17. Qxh6 gxh6 18. Rf4 dxe4 19. Rxe4 Rf8 20. Bc4 Bg2
21. Rf4 Kd7 22. O-O-O Rxf4 23. gxf4 Bd6 24. f5 Bxh2 25. Be6+ Kd6 26. Kb1 Bd5
27. Nxd5 cxd5 28. Rh1 Bf4 29. c3 Bg5 30. Kc2 b6 31. Kd3 a5 32. Re1 Re8 33. Re2
h5 34. Bf7 Rxe2 35. Kxe2 h4 36. Kf3 h6 37. Kg4 b5 38. b3 Kc6 39. Be8+ Kd6 40.
Bxb5 Ke7 41. c4 Kd6 42. c5+ Kc7 43. Be8 Kc8 44. Bb5 Kc7 45. Bf1 Kc8 46. Kh5 Kc7
47. Kg6 Kc6 48. Bh3 Kd7 49. f6+ Ke8 50. f7+ Kf8 51. Be6 Be3 52. Bxd5 Bxd4 53.
Bh1 Bxc5 54. a3 Be7 55. b4 axb4 56. axb4 Bxb4 57. Bg2 Be7 58. Bh3 Bf6 59. Bg4
Be7 60. Bh3 Bf6 61. Bg4 Be7 62. Bh3 {Normal} 1/2-1/2

[Event "Rated Blitz game"]
[Site "?"]
[Date "2021.03.16"]
[Round "?"]
[White "Ebuhurejra"]
[Black "Vladfx3"]
[Result "0-1"]
[ECO "C46"]
[WhiteElo "2419"]
[BlackElo "2444"]
[PlyCount "70"]
[EventDate "2021.??.??"]
[EventType "blitz"]
[TimeControl "180"]

1. e4 e5 2. Nf3 Nc6 3. Nc3 Nf6 4. Nxe5 Nxe5 5. d4 Ng6 6. e5 Ng8 7. Bc4 d5 8.
Bxd5 Be6 9. Bxb7 Rb8 10. Bc6+ Bd7 11. Be4 Bb4 12. O-O N8e7 13. f4 Bf5 14. Qd3
Bxc3 15. bxc3 Bxe4 16. Qxe4 Qd5 17. Qd3 O-O 18. f5 Nh4 19. Rf2 Nhxf5 20. Rxf5
Nxf5 21. Qxf5 Rb6 22. Ba3 Rg6 23. Qf2 Rb8 24. Bc5 a6 25. a3 Rb2 26. Re1 h6 27.
h3 Qa2 28. Re2 Rb1+ 29. Kh2 Qa1 30. g4 Qxc3 31. e6 fxe6 32. h4 Rxg4 33. Rxe6
Rh1+ 34. Kxh1 Qh3+ 35. Qh2 Qf3+ {Normal} 0-1

[Event "Rated Blitz tournament 9McTbUq7"]
[Site "?"]
[Date "2021.03.16"]
[Round "?"]
[White "bubeliang"]
[Black "Ward-Tsh"]
[Result "0-1"]
[ECO "C46"]
[WhiteElo "2312"]
[BlackElo "2440"]
[PlyCount "56"]
[EventDate "2021.??.??"]
[EventType "blitz"]
[TimeControl "180+2"]

1. e4 e5 2. Nf3 Nf6 3. Nc3 Nc6 4. Nxe5 Nxe5 5. d4 Ng6 6. e5 Ng8 7. Bc4 Bb4 8.
O-O N8e7 9. Ne4 d5 10. exd6 Bxd6 11. Bxf7+ Kxf7 12. Ng5+ Ke8 13. h4 Bf5 14. h5
Nf4 15. Qf3 h6 16. Bxf4 Bxf4 17. Qxf4 hxg5 18. Qxg5 Qd6 19. Rae1 Qf6 20. Qf4
Kf7 21. g4 Bxc2 22. Qg3 Rad8 23. Re3 Kg8 24. Qxc7 Nd5 25. Qxc2 Nxe3 26. fxe3
Qe6 27. Qe2 Rxd4 28. g5 Qg4+ {Normal} 0-1

[Event "Rated Blitz game"]
[Site "?"]
[Date "2021.03.16"]
[Round "?"]
[White "DynamoTresen"]
[Black "enchantress13"]
[Result "0-1"]
[ECO "C46"]
[WhiteElo "2493"]
[BlackElo "2411"]
[PlyCount "92"]
[EventDate "2021.??.??"]
[EventType "blitz"]
[TimeControl "180"]

1. e4 e5 2. Nf3 Nc6 3. Nc3 Nf6 4. Nxe5 Nxe5 5. d4 Nc6 6. d5 Ne5 7. f4 Ng6 8. e5
Bb4 9. Bc4 O-O 10. O-O Bxc3 11. bxc3 Ne4 12. Qd4 f5 13. d6+ Kh8 14. Ba3 cxd6
15. exd6 b5 16. Bd5 Rb8 17. c4 bxc4 18. Rab1 Rxb1 19. Rxb1 Qh4 20. g3 Nxg3 21.
hxg3 Qxg3+ 22. Kf1 Nxf4 23. Bb2 c3 24. Bxc3 Ba6+ 25. Bc4 Bxc4+ 26. Qxc4 Qg2+
27. Ke1 Re8+ 28. Kd1 Qg1+ 29. Kd2 Qf2+ 30. Kc1 Ne2+ 31. Kb2 Qb6+ 32. Qb3 Qxd6
33. Ka1 Nxc3 34. Qxc3 Qf6 35. Qxf6 gxf6 36. Rf1 Re5 37. Kb2 Kg7 38. Kc3 Kg6 39.
Kd4 Kg5 40. Rh1 h5 41. Rg1+ Kh6 42. Rh1 f4 43. Rf1 Kg5 44. Rg1+ Kf5 45. Rg7 f3
46. Kd3 f2 {Normal} 0-1

[Event "Rated Blitz game"]
[Site "?"]
[Date "2021.03.16"]
[Round "?"]
[White "Ebuhurejra"]
[Black "OlegMatveev"]
[Result "1-0"]
[ECO "C46"]
[WhiteElo "2430"]
[BlackElo "2390"]
[PlyCount "23"]
[EventDate "2021.??.??"]
[EventType "blitz"]
[TimeControl "180"]

1. e4 e5 2. Nf3 Nc6 3. Nc3 Nf6 4. Nxe5 Nxe5 5. d4 Ng6 6. e5 Ng8 7. Bc4 d5 8.
Bxd5 c6 9. Bb3 Be6 10. Ne4 N8e7 11. Nd6+ Kd7 12. Nxf7 {Time forfeit} 1-0

[Event "Rated Blitz game"]
[Site "?"]
[Date "2021.03.16"]
[Round "?"]
[White "RoyalChessyoutube"]
[Black "Pri_sachu"]
[Result "0-1"]
[ECO "C46"]
[WhiteElo "2307"]
[BlackElo "2443"]
[PlyCount "48"]
[EventDate "2021.??.??"]
[EventType "blitz"]
[TimeControl "180+2"]

1. e4 e5 2. Nf3 Nc6 3. Nc3 Nf6 4. Nxe5 Nxe5 5. d4 Ng6 6. e5 Ng8 7. f4 d5 8. Bd3
Bb4 9. O-O Bxc3 10. bxc3 f5 11. Qh5 N8e7 12. g4 O-O 13. g5 Be6 14. Rf3 b6 15.
Rh3 c5 16. dxc5 bxc5 17. Ba3 Qa5 18. Rb1 Qxa3 19. c4 Rab8 20. Rf1 Qxa2 21.
Qxh7+ Kf7 22. Qh5 dxc4 23. Be2 Qxc2 24. Qf3 Rb3 {Normal} 0-1